Map: Mothership LE

Players

winner - Winner!

  • Race: Terran Terran
  • League: Platinum
  • Spawn Location: 1:00

Chris

  • Race: Protoss Protoss
  • League: Silver
  • Spawn Location: 6:00

VOD

Have the link to the VOD?

Description

Time

  • Played on: Dec. 29, 2025, 11:30 p.m.
  • Length: 8:26
Show
View Real Time Build Order
Export as new Build Order

winner Terran - Winner!

Build Orders:  

Get SALT Encoding   

  12  0:01  SCV  
  13  0:13  SCV  
  14  0:22  Supply Depot  
  14  0:25  SCV  
  15  0:36  Refinery  
  15  0:45  Barracks  
  15  0:48  SCV  
  16  1:00  SCV  
  17  1:12  SCV  
  18  1:24  SCV  
  19  1:33  Command Center  
  19  1:34  Marine  
  19  1:37  SCV  
  21  1:55  SCV  
  21  1:58  Barracks Tech Lab  
  22  2:07  SCV  
  23  2:09  Refinery  
  23  2:15  Factory  
  23  2:32  Bunker  
  23  2:34  Orbital Command  
  23  2:44  Supply Depot, Marine  
  24  3:05  Refinery  
  24  3:10  Refinery  
  24  3:14  Starport  
  24  3:25  SCV x2  
  26  3:37  SCV x2  
  26  3:39  Barracks Reactor  
  26  3:40  Siege Tank  
  31  3:49  SCV x2  
  31  3:55  Starport Tech Lab  
  33  3:58  Fusion Core  
  33  4:01  SCV x2  
  35  4:11  Engineering Bay  
  35  4:13  SCV  
  35  4:14  Cloaking Field  
  36  4:19  Banshee  
  36  4:22  SCV  
  40  4:25  SCV  
  41  4:36  Supply Depot  
  41  4:45  Missile Turret  
  41  4:46  SCV  
  41  4:47  SCV  
  41  4:48  Missile Turret  
  43  4:59  SCV x2  
  45  5:02  Siege Tank  
  48  5:11  SCV x2  
  50  5:17  Supply Depot  
  50  5:23  SCV  
  50  5:28  Armory  
  51  5:38  Battlecruiser  
  51  5:41  Supply Depot  
  57  5:44  Siege Tank  
  60  5:56  Weapon Refit  
  60  6:11  SCV x2  
  60  6:16  Siege Tank  
  65  6:23  SCV  
  66  6:32  Terran Vehicle And Ship Armor Level 1  
  66  6:48  Battlecruiser  
  69  6:56  Command Center  
  69  6:57  Orbital Command  
  69  7:18  Starport  
  69  7:20  Factory  
  69  7:25  SCV  
  70  8:07  Armory, SCV  
  70  8:08  Starport Tech Lab  
  70  8:09  Factory Tech Lab  
Show
View Real Time Build Order
Export as new Build Order

Chris Protoss 

Build Orders:  

Get SALT Encoding   

  12  0:01  Probe  
  13  0:12  Probe  
  14  0:18  Pylon  
  14  0:20  Probe  
  15  0:32  Probe  
  15  0:40  Gateway  
  16  0:44  Probe  
  17  0:56  Probe  
  18  1:03  Assimilator  
  18  1:04  Probe  
  19  1:12  Probe  
  20  1:20  Pylon  
  20  1:23  Probe  
  21  1:28  Zealot  
  23  1:38  Probe  
  24  1:51  Probe  
  25  1:59  Pylon  
  25  2:02  Assimilator  
  25  2:03  Probe  
  26  2:08  Nexus  
  26  2:26  Cybernetics Core  
  26  2:33  Probe  
  26  2:41  Probe  
  28  2:51  Probe  
  29  3:03  Stalker, Probe  
  29  3:05  Warp Gate  
  30  3:07  Pylon  
  32  3:22  Robotics Facility  
  32  3:24  Probe  
  32  3:25  Probe  
  32  3:26  Forge  
  32  3:32  Probe  
  32  3:33  Probe  
  36  3:41  Probe x2  
  38  3:53  Probe  
  38  3:54  Probe  
  40  3:58  Gateway  
  40  3:59  Gateway  
  40  4:05  Pylon  
  40  4:06  Probe x2  
  40  4:09  Assimilator  
  42  4:11  Assimilator  
  42  4:15  Protoss Ground Weapons Level 1, Immortal  
  42  4:18  Probe x2  
  44  4:30  Probe x2  
  50  4:42  Probe  
  51  4:46  Probe  
  52  4:54  Probe  
  52  4:58  Probe  
  54  5:01  Twilight Council  
  54  5:04  Pylon  
  54  5:06  Probe  
  55  5:10  Probe  
  55  5:12  Stalker x2  
  55  5:13  Stalker  
  62  5:18  Probe  
  63  5:22  Probe  
  63  5:25  Immortal  
  64  5:31  Probe  
  64  5:34  Probe  
  70  5:40  Zealot x2  
  70  5:41  Zealot  
  76  5:43  Probe  
  76  5:45  Charge  
  74  6:01  Observer  
  68  6:16  Protoss Ground Armor Level 1  
  58  6:58  Pylon  
  58  7:10  Pylon  
  58  7:25  Immortal  
  62  7:31  Stalker  
  62  7:32  Stalker x2  
  54  7:58  Stalker x2  
  50  7:59  Stalker  
Tags
 
Add a new tag
Caveats
  • Supply blocks, unpowered buildings, or Contaminate may cause inaccurate times.
  • Supply counts are checked every 10 seconds.